 Dungeon Crawl Stone Soup version 0.31.0-11-ge490571c62 (webtiles) character file.

Game seed: 18352686387747349850

2839534 sasquatch the Impregnable (level 26, 201/201 HPs)
             Began as a Demonspawn Berserker on Jan 31, 2024.
             Was a High Priest of Trog.
             Escaped with the Orb
             ... and 5 runes!
             The game lasted 02:49:41 (81272 turns).

sasquatch the Impregnable (Demonspawn Berserker)   Turns: 81272, Time: 02:49:41

Health: 201/201    AC: 40    Str: 23    XL:     26   Next: 81%
Magic:  23/23      EV: 14    Int:  7    God:    Trog [*****.]
Gold:   3521       SH: 39    Dex: 22    Spells: 25/25 levels left

rFire   + + +        T - +5 broad axe (freeze)
rCold   + + .        O - +12 tower shield of the Wereyak {rPois}
rNeg    + . .        N - +6 gold dragon scales
rPois   +            (helmet restricted)
rElec   +            (cloak unavailable)
rCorr   +            Q - +0 pair of gloves {Str+3}
SInv    .            E - +3 pair of mountain boots {steadfast, rC+}
Will    +++++        A - amulet of the Four Winds {rN+ Will+++ Clar} Stlth
                     C - ring of Kapnoi {Fly rElec rPois rCorr Dex+4}
HPRegen 0.53/turn    S - ring "Lazxaeh" {rF++ Will+ Str-5}
MPRegen 0.18/turn

%: clarity
@: flying, studying 4 skills
A: molten scales 2, demonic guardian 3, spiny 3, augmentation 3, weakness
stinger 3, antennae 1, large bone plates 1, agile 1, deterioration 1, frail 1,
weak 1, evolution 1, inability to read after injury 1, persistent drain
0: Orb of Zot
}: 5/15 runes: serpentine, barnacled, slimy, silver, abyssal
a: Renounce Religion, Berserk, Trog's Hand, Brothers in Arms


You escaped.
You worshipped Trog.
Trog was extremely pleased with you.
You visited 11 branches of the dungeon, and saw 53 of its levels.
You visited the Abyss 1 time.
You also visited: Volcano.

You collected 8459 gold pieces.
You spent 4938 gold pieces at shops.

Inventory:

Hand Weapons
 a - a +9 broad axe of flaming
 T - a +5 broad axe of freezing (weapon)
Missiles
 q - 8 throwing nets
 B - 8 silver javelins
 K - 3 curare-tipped darts
 P - 8 javelins
Armour
 v - a +2 helmet
 E - the +3 pair of mountain boots (worn) {steadfast, rC+}
   (You bought it in a shop on level 3 of the Vaults)

   Steadfast: It prevents involuntary movement, except for blinking,
   teleportation, or banishment.
   rC+:       It protects you from cold.
 N - +6 gold dragon scales (worn)
 O - the +12 tower shield of the Wereyak (worn) {rPois}
   (You found it on level 3 of the Depths)

   rPois:     It protects you from poison
 Q - a +0 pair of gloves of strength (worn)
Jewellery
 s - the ring "Koprouh" {Int+6 SInv}
   (You found it on level 1 of the Orcish Mines)

   [ring of intelligence]

   Int+6:     It affects your intelligence (+6).
   SInv:      It lets you see invisible.
 A - the amulet of the Four Winds (around neck) {rN+ Will+++ Clar}
   (You took it off a deep elf knight on level 3 of the Elven Halls)

   [amulet of nothing]

   rN+:       It protects you from negative energy.
   Will+++:   It greatly increases your willpower.
   Clar:      It protects you from confusion, rage, mesmerisation and fear.
 C - the ring of Kapnoi (left hand) {Fly rElec rPois rCorr Dex+4}
   (You found it on level 5 of the Vaults)

   [ring of flight]

   Dex+4:     It affects your dexterity (+4).
   rElec:     It insulates you from electricity.
   rPois:     It protects you from poison Fly: It grants you flight.
   rCorr:     It protects you from acid and corrosion.
 S - the ring "Lazxaeh" (right hand) {rF++ Will+ Str-5}
   (You took it off a boggart on level 1 of the Depths)

   [ring of willpower]

   Str-5:     It affects your strength (-5).
   rF++:      It greatly protects you from fire.
   Will+:     It increases your willpower.
 U - an amulet of regeneration
 W - the ring of Entar {rN++ rCorr}
   (You found it on level 1 of the Vaults)

   [ring of resist corrosion]

   rN++:      It greatly protects you from negative energy.
   rCorr:     It protects you from acid and corrosion.
 X - the dreamshard necklace {Acrobat *Dream}
   (You took it off a hell knight on level 3 of the Depths)

   [amulet of the acrobat]

   *Dream:    It absorbs a single lethal wound into itself, holding its wearer
   just short of death and releasing dream-creatures to guard them.
   Acrobat:   It increases your evasion while moving and waiting.
Wands
 x - a wand of mindburst (11)
 D - a wand of acid (51)
 L - a wand of iceblast (51)
 Z - a wand of digging (32)
Scrolls
 g - 5 scrolls of blinking
 i - 10 scrolls of immolation
 l - 13 scrolls of poison
 m - 12 scrolls of fear
 o - 7 scrolls of teleportation
 u - 5 scrolls of revelation
 y - 3 scrolls of butterflies
 F - 24 scrolls of identify
 H - 2 scrolls of silence
 V - 3 scrolls of fog
Potions
 c - 5 potions of berserk rage
 e - 2 potions of invisibility
 h - 6 potions of magic
 j - 6 potions of might
 k - 2 potions of cancellation
 n - 8 potions of enlightenment
 p - 5 potions of heal wounds
 r - 5 potions of ambrosia
 w - 8 potions of attraction
 G - 15 potions of lignification
 I - 2 potions of haste
 J - 11 potions of resistance
 M - 18 potions of curing
Miscellaneous
 b - a tin of tremorstones (2/2)
 d - a lightning rod (4/4)
 f - a phantom mirror
 t - a sack of spiders
 R - a phial of floods


   Skills:
 + Level 21.8 Fighting
 - Level 22.0 Axes
 + Level 9.1 Throwing
 - Level 22.6 Armour
 - Level 16.0 Dodging
 - Level 20.0 Shields
 - Level 14.0 Evocations


You had 25 spell levels left.
You didn't know any spells.
Your spell library was empty.

Dungeon Overview and Level Annotations

Branches:
Dungeon (15/15)            Temple (1/1) D:6            Lair (5/5) D:11
 Shoals (4/4) Lair:3        Snake (4/4) Lair:3        Slime (5/5) Lair:4
    Orc (2/2) D:11            Elf (3/3) Orc:2        Vaults (5/5) D:14
  Crypt (0/3) Vaults:2     Depths (4/4) D:15            Zot (5/5) Depths:4
Volcano (visited)

Altars:
Ashenzari
Cheibriados
Dithmenos
Fedhas
Gozag
Hepliaklqana
Kikubaaqudgha
Makhleb
Nemelex Xobeh
Okawaru
Qazlal
Ru
Sif Muna
Trog
Uskayaw
Vehumet
Wu Jian
Xom
Yredelemnul
Jiyva

Shops:
D:7 [   Orc:1 *:   Orc:2 [([*(   Shoals:3 *   Snake:2 ::=   Snake:3 [==(:
Snake:4 **   Vaults:3 [   Vaults:4 *   Vaults:5 *

Portals:
Hell: Depths:1 Depths:2 Depths:3 Depths:4
Abyss: Depths:3
Pandemonium: Depths:2
Ziggurat: Depths:4

Annotations:
Shoals:4 4 exclusions
Vaults:5 2 exclusions


Innate Abilities, Weirdness & Mutations

You are mostly covered in molten scales. (AC +3)
A powerful demonic guardian rushes to your aid.
You are completely covered in sharp spines.
Your magical and physical power is greatly enhanced at high health.
You have a sharp stinger which inflicts weakening toxins.
You have a pair of small antennae on your head.
You are partially covered in large bone plates. (SH +4)
You are agile. (Dex +4, Str/Int -1)
Your body sometimes deteriorates upon taking damage.
You are frail. (-10% HP)
You are weak. (Str -2)
You have hidden genetic potential.
You occasionally lose the ability to read scrolls when taking damage.
Your health recovers twice as slowly from being drained.


Message History

You tail-slap the orange demon!
The orange demon looks weaker.
The orange demon is moderately wounded.
You slice the orange demon!! You freeze the orange demon.
The orange demon is severely wounded.
You block the orange demon's attack. x2
You slice the orange demon!! You freeze the orange demon.
You kill the orange demon!
Trog accepts your kill.
No target in view!
No target in view!
No target in view!
What level of the Dungeon? (default 1, ? - help)
There is a stone staircase leading up here.
You fly upwards.
There is a stone staircase leading down here.
There is a stone staircase leading up here.
There is a stone staircase leading up here.
You fly upwards.
There is a stone staircase leading down here.
You see here 2 potions of brilliance.
There is a stone staircase leading up here.
You fly upwards.
There is a stone staircase leading down here.
You see here a +0 mace.
There is a stone staircase leading up here.
You fly upwards.
There is a stone staircase leading down here.
You see here a +0 club.
There is a stone staircase leading up here.
You fly upwards.
There is a stone staircase leading down here.
There is a stone staircase leading up here.
You fly upwards.
There is a stone staircase leading down here.
What level of the Dungeon? (default 1, ? - help) You're already here!
You see here a +0 robe.
There is an open door here.
There is a staircase leading out of the dungeon here.
You have escaped!

#......).[#..###..#######.#
##.......(.................#
##...##.#.###.####.##.#####.#
#.#.....#.# #.# #.##........
##.#.##.#.###.####.########.#
##.###.#..........# ##.# ###
#...⌠...⌠.#### ####...
#.#..#'#...# #....#.
#.#..#@#...# #.##>..
#>#..###...# #.###.#
#.#.⌠...⌠..######.##)..
#.#....................
#.###############.##...
#.###############.###..
#..............##.#####
##############.........
####.#####


There were no monsters in sight!

Vanquished Creatures
  3 pandemonium lords
  2 ancient liches (Zot:5)
  6 dread liches
  6 orbs of fire
  Vv (Zot:4)
  A Killer Klown (Zot:5)
  Boris (Vaults:3)
  A curse toe (Zot:5)
  Nikola (Elf:3)
  15 golden dragons
  2 bone dragons
  2 electric golems (Zot:5)
  2 profane servitors
  A Tzitzimitl (Zot:2)
  A walking crystal tome (Depths:3)
  24 tentacled monstrosities
  A Hell Sentinel (Abyss:1)
  Asterion (Depths:1)
  7 liches
  A walking earthen tome (Depths:2)
  2 deep elf blademasters
  A walking frostbound tome (Depths:3)
  25 Orb Guardians
  3 sphinxes
  Polyphemus (Shoals:3)
  3 quicksilver dragons
  3 titans
  2 Executioners
  A kraken (Shoals:1)
  17 death cobs
  2 thorn hunters (Abyss:3)
  14 acid blobs
  3 tentacled starspawn
  10 shadow dragons
  5 tengu reavers
  Roxanne (Elf:3)
  26 storm dragons
  11 rockslimes
  7 draconian shifters
  3 protean progenitors (Zot:2)
  A daeva (Abyss:3)
  The ghost of Paschim the Severer, a journeyman MiBe of Trog (Orc:1)
  9 frost giants
  8 nagarajas
  9 draconian monks
  3 draconian knights
  2 draconian scorchers
  23 vault wardens
  8 azure jellies
  10 fire giants
  Louise (Elf:3)
  4 iron dragons
  8 deep elf sorcerers (Elf:3)
  2 orc warlords
  3 spectral caustic shrikes (Depths:4)
  A balrug (Depths:2)
  3 draconian stormcallers
  8 deep elf elementalists (Elf:3)
  11 draconian annihilators
  4 ghost moths
  A cacodemon (Depths:2)
  8 quicksilver oozes
  A juggernaut zombie (Depths:1)
  A reaper (Depths:2)
  A spriggan defender (Depths:3)
  8 formless jellyfish
  A caustic shrike skeleton (Depths:2)
  21 ironbound preservers
  9 very ugly things
  3 vampire knights
  7 ironbound thunderhulks
  11 stone giants
  5 deep elf death magi
  6 deep elf demonologists (Elf:3)
  10 deep elf annihilators
  6 black draconians
  11 white draconians
  7 dire elephants
  A lorocyproca (Abyss:3)
  11 purple draconians
  6 war gargoyles
  Snorg (D:12)
  13 red draconians
  7 green draconians
  7 yellow draconians
  An eidolon (Abyss:1)
  A blizzard demon (Depths:3)
  A crystal guardian (Vaults:4)
  4 fire dragons
  52 slime creatures
  3 jiangshi (Abyss:2)
  4 ettins
  A merfolk javelineer (Shoals:4)
  An entropy weaver (Vaults:4)
  8 merfolk impalers
  2 spriggan zombies (Depths:3)
  4 deep elf high priests
  13 yaktaur captains
  5 salamander tyrants
  4 rakshasas
  Erolcha (D:11)
  9 great orbs of eyes
  A hell beast (Depths:2)
  3 spriggan air magi (Depths:2)
  Harold (Lair:2)
  3 peacekeepers
  5 ice dragons
  40 vault guards
  6 hydras
  12 ironbound frosthearts
  6 ogre magi
  3 merfolk avatars
  Erica (D:10)
  3 centaur warriors
  3 catoblepae
  30 dancing weapons
  10 anacondas
  2 death knights (Vaults:2)
  6 merfolk aquamancers
  4 two-headed ogres
  8 boulder beetles
  A sphinx zombie (Depths:3)
  5 death yaks
  3 vampire magi
  4 deep troll shamans
  A satyr (Shoals:4)
  10 deep troll earth magi
  7 tengu warriors
  5 thrashing horrors
  2 occultists
  8 naga warriors
  7 spriggan berserkers
  19 deep elf knights
  4 orc high priests
  9 shock serpents
  18 naga sharpshooters
  18 hell knights
  A storm dragon zombie (Depths:2)
  2 sun demons
  Nergalle (D:12)
  10 iron trolls
  2 skysharks
  5 wretched stars
  A golden dragon zombie (Depths:4)
  A spectral spark wasp (Depths:2)
  A sixfirhy (Depths:2)
  9 salamander mystics
  4 skeletal warriors (D:13)
  7 sea snakes
  A deep troll (shapeshifter) (Vaults:5)
  7 mana vipers
  A shadow demon (D:13)
  46 deep trolls
  4 arcanists
  7 naga ritualists
  11 necromancers
  A shadow dragon zombie (Depths:1)
  7 deep elf archers
  8 orc knights
  20 ironbound convokers
  7 lindwurms
  2 glowing orange brains
  2 tengu zombies
  An orange crystal statue (Depths:1)
  6 orc sorcerers
  5 phantasmal warriors
  4 shining eyes
  An elf skeleton (Vaults:4)
  A tengu skeleton (Vaults:4)
  19 deep elf pyromancers
  A fire giant zombie (Depths:2)
  16 harpies
  A stone giant zombie (Depths:1)
  7 fauns
  28 ugly things
  25 deep elf zephyrmancers
  3 iron dragon zombies
  8 manticores
  6 kobold blastminers (Orc:2)
  3 cyclopes
  17 elephants
  19 salamanders
  29 moths of wrath
  A frost giant skeleton (Depths:2)
  2 worldbinders (Abyss:3)
  An apocalypse crab (Abyss:1)
  17 starcursed masses
  6 eyes of devastation
  24 black mambas
  2 molten gargoyles (Volcano)
  9 water nymphs
  4 merfolk sirens
  5 guardian serpents
  2 rust devils
  3 gargoyles
  A fire giant skeleton (Depths:3)
  9 cane toads
  10 vault sentinels
  10 large abominations
  24 naga magi
  2 smoke demons
  3 orange demons
  A cane toad (shapeshifter) (D:15)
  Maggie (D:7)
  2 unseen horrors (Depths:1)
  The ghost of abcdefg the Grave Robber, a novice DsNe of Yredelemnul (D:7)
  A rime drake (shapeshifter) (Vaults:5)
  2 rime drakes
  Jeremiah (D:9)
  27 yaktaurs
  5 freezing wraiths
  9 komodo dragons
  2 tengu conjurers (Depths:3)
  A yaktaur skeleton (Vaults:4)
  A kobold demonologist (Abyss:1)
  An anaconda simulacrum (Abyss:3)
  A red devil (Abyss:3)
  5 ancient zymes
  22 merfolk
  2 hellwings
  5 trolls
  7 wind drakes
  Grinder (D:3)
  2 hornets
  2 merfolk (shapeshifter) (Depths:3)
  A raiju (shapeshifter) (Elf:2)
  3 glass eyes
  A deep troll zombie (Vaults:4)
  6 raiju (Abyss:3)
  4 blink frogs (Lair:5)
  6 polar bears
  11 snapping turtles
  A snapping turtle (shapeshifter) (Vaults:1)
  21 dream sheep
  A jumping spider (shapeshifter) (Vaults:5)
  Sigmund (D:2)
  A spriggan (shapeshifter) (D:14)
  13 small abominations
  6 air elementals
  A spriggan (Depths:3)
  3 ynoxinuls
  2 wyverns
  21 yaks
  3 fire elementals
  19 water elementals
  6 wraiths
  2 vampires
  Eustachio (D:4)
  A deep troll skeleton (Vaults:4)
  4 fire bats
  13 golden eyes
  A basilisk (Lair:3)
  2 wargs (Orc:2)
  3 steam dragons
  5 neqoxecs
  2 yaktaur simulacra (Vaults:4)
  Menkaure (D:5)
  20 vampire mosquitoes
  36 nagas
  Duvessa (D:6)
  An acid dragon (D:12)
  11 water moccasins
  3 hell hounds (Volcano)
  5 black bears
  26 orc warriors
  An elephant zombie (D:8)
  2 ice beasts
  3 laughing skulls
  A sky beast (D:6)
  9 ogres
  2 boggarts (Depths:1)
  9 wolves
  4 centaurs
  The ghost of SuperJoe the Insei, an amateur OpRe (D:3)
  2 phantoms (D:5)
  An elf simulacrum (Vaults:4)
  3 elf zombies
  4 weeping skulls
  10 kobold brigands
  12 bullfrogs
  A brain worm (Abyss:2)
  A human skeleton (Vaults:4)
  3 gnoll sergeants
  6 scorpions
  Blork the orc (D:6)
  An ogre simulacrum (Vaults:4)
  8 wights (D:7)
  Dowan (D:6)
  6 killer bees
  An electric eel (Lair:5)
  7 howler monkeys
  3 lava snakes (Volcano)
  2 bombardier beetles
  3 quasits (Orc:1)
  2 iron imps
  5 hounds
  24 orc priests
  A human zombie (D:8)
  4 sleepcaps
  A gnoll bouda (D:8)
  2 iguanas
  6 hell rats (Lair:3)
  A scorpion zombie (D:8)
  20 orc wizards
  A killer bee zombie (D:8)
  An ogre zombie (D:8)
  4 hound zombies (D:8)
  A howler monkey zombie (D:8)
  10 adders
  19 gnolls
  2 white imps
  4 ufetubi
  3 adder zombies (D:8)
  3 ribbon worms
  3 dart slugs
  85 orcs
  4 bats
  4 endoplasms
  6 giant cockroaches
  12 goblins
  8 hobgoblins
  2 jackals (D:4)
  14 kobolds
  2 quokkas
  8 ball pythons
  5 frilled lizards
  6 rats
  2 lurking horrors (Abyss:3)
  2 spectral weapons (Depths:1)
  2 starspawn tentacles
  4 tentacles (Shoals:1)
2148 creatures vanquished.

Vanquished Creatures (collateral kills)
  the Royal Jelly (Slime:5)
  Sojobo (Vaults:3)
  Xtahua (Depths:4)
  3 Killer Klowns
  2 curse toes (Zot:4)
  Saint Roka (Vaults:4)
  A golden dragon (Zot:4)
  Zenata (Vaults:1)
  An Orb Guardian (Zot:5)
  An acid blob (Slime:1)
  A tengu reaver (Vaults:3)
  A rockslime (Slime:5)
  A nagaraja (Snake:1)
  A vault warden (Vaults:3)
  2 draconian knights (Zot:5)
  A draconian stormcaller (Zot:4)
  2 draconian annihilators
  3 quicksilver oozes (Slime:5)
  2 ironbound thunderhulks (Vaults:1)
  An ironbound preserver (Vaults:1)
  A green draconian (Zot:3)
  A deep elf annihilator (Elf:3)
  A red draconian (Zot:4)
  A merfolk javelineer (Shoals:4)
  A deep elf high priest (Elf:3)
  A yaktaur captain (Vaults:4)
  A salamander tyrant (Snake:4)
  A catoblepas (Lair:4)
  An ice dragon (Depths:4)
  2 vault guards (Vaults:3)
  2 deep troll earth magi
  2 merfolk aquamancers (Shoals:4)
  A boulder beetle (Lair:1)
  A dancing weapon (Elf:2)
  A deep troll shaman (Depths:2)
  2 naga warriors (Snake:4)
  A thrashing horror (Abyss:3)
  A tengu warrior (Depths:4)
  A naga sharpshooter (Snake:4)
  A wretched star (Abyss:3)
  4 deep trolls
  A deep elf archer (Elf:3)
  3 lindwurms
  An orc knight (Orc:2)
  3 deep elf zephyrmancers
  An oklob plant (Lair:2)
  An ugly thing (Depths:1)
  A salamander (Snake:4)
  2 moths of wrath (Zot:4)
  An elephant (Lair:5)
  3 water nymphs (Shoals:4)
  3 komodo dragons
  2 wind drakes (Shoals:4)
  2 merfolk
  2 dream sheep
  2 slime creatures
  3 yaks
  A water elemental (Shoals:4)
  A starcursed mass (Abyss:3)
  An orc warrior (Orc:1)
  An ogre (Orc:2)
  A wolf (Lair:2)
  A centaur (D:8)
  2 orc priests
  An orc (Orc:1)
96 creatures vanquished.

Vanquished Creatures (others)
  A phantasmal warrior (Vaults:1)
  A deep elf zephyrmancer (Elf:1)
  A yak (shapeshifter) (Elf:1)
  A warg (Orc:1)
  7 starspawn tentacles
  4 tentacles (Shoals:1)
15 creatures vanquished.

Grand Total: 2259 creatures vanquished

Notes
Turn   | Place    | Note
-------+----------+-------------------------------------------
     0 | D:1      | sasquatch the Demonspawn Berserker began the quest for the
                  | Orb.
     0 | D:1      | Reached XP level 1. HP: 18/18 MP: 1/1
   196 | D:1      | Gained mutation: You are partially covered in sharp spines.
                  | [demonic ancestry]
   196 | D:1      | Reached XP level 2. HP: 23/24 MP: 2/2
   244 | D:1      | You fall into a shaft and drop 1 floor!
   644 | D:2      | Gained mutation: You are partially covered in molten
                  | scales. (AC +2) [demonic ancestry]
   644 | D:2      | Reached XP level 3. HP: 17/29 MP: 3/3
   750 | D:2      | Reached ** piety under Trog
   905 | D:2      | Noticed Sigmund
  1164 | D:3      | Reached XP level 4. HP: 22/35 MP: 4/4
  1272 | D:3      | Reached skill level 5 in Axes
  1376 | D:3      | Found a shimmering altar of Xom.
  1439 | D:3      | Gained mutation: You have a small tail. [demonic ancestry]
  1439 | D:3      | Reached XP level 5. HP: 41/41 MP: 5/5
  1553 | D:3      | Found a runed translucent door.
  1557 | D:3      | Noticed SuperJoe's ghost (amateur OpRe)
  1571 | D:3      | Killed SuperJoe's ghost
  1649 | D:3      | Noticed a black bear
  1655 | D:3      | Killed a black bear
  1656 | D:3      | Reached XP level 6. HP: 47/47 MP: 6/6
  1766 | D:3      | Found a bloodstained altar of Trog.
  1895 | D:3      | Noticed Grinder
  1900 | D:3      | Killed Grinder
  1901 | D:3      | Reached XP level 7. HP: 52/52 MP: 7/7
  2188 | D:3      | Found a blossoming altar of Fedhas.
  2222 | D:3      | Found a faded altar of an unknown god.
  2327 | D:4      | Noticed Eustachio
  2350 | D:4      | Killed Eustachio
  2418 | D:4      | Reached *** piety under Trog
  2995 | D:2      | Killed Sigmund
  3306 | D:4      | Gained mutation: You have a tail ending in a sharp stinger.
                  | [demonic ancestry]
  3306 | D:4      | Reached XP level 8. HP: 58/58 MP: 8/8
  3916 | D:5      | Entered Level 5 of the Dungeon
  3942 | D:5      | Noticed a two-headed ogre
  3950 | D:5      | Reached skill level 10 in Axes
  3954 | D:5      | Killed a two-headed ogre
  3955 | D:5      | Gained mutation: You are mostly covered in sharp spines.
                  | [demonic ancestry]
  3955 | D:5      | Reached XP level 9. HP: 35/63 MP: 9/9
  4226 | D:5      | Noticed Menkaure
  4234 | D:5      | Killed Menkaure
  5004 | D:5      | Found a sacrificial altar of Ru.
  5248 | D:6      | Found an ornate altar of the Wu Jian Council.
  5335 | D:6      | Found a staircase to the Ecumenical Temple.
  5398 | D:6      | Noticed Dowan
  5399 | D:6      | Noticed Duvessa
  5416 | D:6      | Killed Duvessa
  5416 | D:6      | Killed Dowan
  5546 | D:6      | Reached **** piety under Trog
  5562 | D:6      | Identified the +0 leather armour of Past Mistakes {^Drain
                  | rElec rC++}
  5595 | D:6      | Noticed Blork the orc
  5611 | D:6      | Killed Blork the orc
  6211 | D:7      | Found an opulent altar of Gozag.
  6211 | D:7      | Found a hide-covered altar of Uskayaw.
  6448 | D:7      | Noticed Maggie
  6460 | D:7      | Killed Maggie
  6461 | D:7      | Gained mutation: A weak demonic guardian rushes to your
                  | aid. [demonic ancestry]
  6461 | D:7      | Reached XP level 10. HP: 38/70 MP: 10/10
  6754 | D:7      | Found Uvellok's Armour Emporium.
  6780 | D:7      | Bought a +1 ring mail of willpower for 208 gold pieces
  6850 | D:7      | Found a runed translucent gate.
  6851 | D:7      | Found a runed translucent gate.
  6852 | D:7      | Found a runed translucent gate.
  6852 | D:7      | Noticed abcdefg's ghost (novice DsNe)
  7299 | D:7      | Killed abcdefg's ghost
  7463 | D:8      | Reached skill level 5 in Fighting
  7656 | D:8      | Found a basalt altar of Yredelemnul.
  7779 | D:8      | Reached skill level 1 in Shields
  7889 | D:8      | Found a shadowy altar of Dithmenos.
  7907 | D:8      | Identified the +1 leather armour of Fedhas's Supremacy {rF+
                  | Will- Int+5}
  7939 | D:8      | Found a sparkling altar of Nemelex Xobeh.
  8219 | D:8      | Found a broken altar of Ashenzari.
  8250 | D:8      | Found a burning altar of Makhleb.
  8587 | Temple   | Entered the Ecumenical Temple
  8671 | D:9      | Noticed Jeremiah
  8703 | D:9      | Killed Jeremiah
  8857 | D:9      | Reached XP level 11. HP: 64/84 MP: 11/11
  8909 | D:9      | Noticed a two-headed ogre
  8916 | D:9      | Killed a two-headed ogre
  9231 | D:9      | Found an ancient bone altar of Kikubaaqudgha.
  9452 | D:9      | Found a hazy altar of Hepliaklqana.
  9484 | D:10     | Entered Level 10 of the Dungeon
  9555 | D:10     | Noticed a two-headed ogre
  9563 | D:10     | Killed a two-headed ogre
  9667 | D:10     | Found a snail-covered altar of Cheibriados.
  9809 | D:10     | Identified the +10 scimitar of Vanity {drain, Fly Str+2
                  | Int-5 Dex+3 SInv}
  9841 | D:10     | Noticed Erica
  9851 | D:10     | Killed Erica
  9852 | D:10     | Reached skill level 10 in Fighting
 10527 | D:11     | Found a staircase to the Orcish Mines.
 10538 | D:11     | Noticed Erolcha
 10544 | D:11     | Killed Erolcha
 10644 | D:11     | Reached skill level 5 in Shields
 10834 | D:11     | Noticed a two-headed ogre
 10869 | D:11     | Killed a two-headed ogre
 11096 | D:11     | Reached ***** piety under Trog
 11125 | D:11     | Found a staircase to the Lair.
 11132 | D:11     | Reached skill level 5 in Armour
 11132 | D:11     | Gained mutation: A demonic guardian rushes to your aid.
                  | [demonic ancestry]
 11132 | D:11     | Reached XP level 12. HP: 94/97 MP: 12/12
 11231 | Lair:1   | Entered Level 1 of the Lair of Beasts
 11333 | Lair:1   | Noticed a boulder beetle
 11345 | Lair:1   | Killed a boulder beetle
 11349 | Lair:1   | Found a dark tunnel.
 11360 | Volcano  | Entered a volcano
 12240 | Volcano  | Found a bloodstained altar of Trog.
 12383 | Volcano  | Noticed a fire dragon
 12395 | Volcano  | Killed a fire dragon
 12963 | Lair:1   | You fall into a shaft and drop 1 floor!
 14272 | Lair:2   | Noticed Harold
 14598 | Lair:2   | Killed Harold
 15248 | Lair:3   | Noticed an eight-headed hydra
 15258 | Lair:3   | Killed a five-headed hydra
 15313 | Lair:3   | Found a staircase to the Shoals.
 15402 | Lair:3   | Reached skill level 15 in Axes
 15407 | Lair:3   | Reached XP level 13. HP: 80/103 MP: 13/13
 15858 | Lair:3   | Found a staircase to the Snake Pit.
 16599 | Lair:4   | Found a staircase to the Slime Pits.
 17243 | Lair:5   | Entered Level 5 of the Lair of Beasts
 18277 | Lair:5   | Gained mutation: You have a sharp stinger which inflicts
                  | weakening toxins. [demonic ancestry]
 18277 | Lair:5   | Reached XP level 14. HP: 68/110 MP: 14/14
 18683 | Lair:5   | Reached skill level 10 in Shields
 19076 | Lair:5   | Identified the +4 shortbow "Koovyb" {freeze, rN+ Stlth+}
 19330 | Orc:1    | Entered Level 1 of the Orcish Mines
 19388 | Orc:1    | HP: 4/110 [ice devil[an orc sorcerer] (23)]
 19676 | Orc:1    | Found a transporter.
 19686 | Orc:1    | Noticed Paschim's ghost (journeyman MiBe)
 19743 | Orc:1    | Found Naukk's Book Boutique.
 19754 | Orc:1    | Found a transporter.
 19756 | Orc:1    | Found Tajoh's Assorted Antiques.
 19995 | Orc:2    | Entered Level 2 of the Orcish Mines
 20077 | Orc:2    | Found a staircase to the Elven Halls.
 20403 | Orc:2    | Reached ****** piety under Trog
 20461 | Orc:2    | Found Ocoosotac's Antique Weapon Emporium.
 20601 | Orc:2    | Found Etyh Zuv's General Store.
 20648 | Orc:2    | Reached skill level 10 in Armour
 20753 | Orc:2    | Found Deth's Armour Shoppe.
 20861 | Orc:2    | Received a gift from Trog
 21192 | Orc:2    | Noticed an orc warlord
 21402 | Orc:2    | Found Kujazu Giru's Antique Armour Shop.
 21404 | Orc:2    | Found Kuranwot's Antique Weapon Boutique.
 21423 | Orc:2    | Bought the +8 mithril axe "Arga" {speed, Will+} for 1873
                  | gold pieces
 21423 | Orc:2    | Found the +8 mithril axe "Arga" {speed, Will+}
 21573 | Orc:1    | Gained mutation: You have hidden genetic defects. [a
                  | neqoxec]
 21604 | Orc:1    | Killed Paschim's ghost
 21606 | Orc:1    | Identified the ring "Koprouh" {Int+6 SInv}
 21687 | Orc:1    | Lost mutation: You have hidden genetic defects. [potion of
                  | mutation]
 21687 | Orc:1    | Gained mutation: Your spells are a little harder to cast,
                  | but a little more powerful. [potion of mutation]
 21805 | Snake:1  | Entered Level 1 of the Snake Pit
 21830 | Snake:1  | Noticed a nagaraja
 21831 | Snake:1  | Noticed a nagaraja
 22481 | Snake:1  | Found a transporter.
 22481 | Snake:1  | Noticed a nagaraja
 23017 | Snake:1  | Noticed a nagaraja
 23039 | Snake:1  | Found a radiant altar of Vehumet.
 23609 | Snake:2  | Reached XP level 15. HP: 120/120 MP: 15/15
 23836 | Snake:2  | Found Lehyr's Book Shop.
 23841 | Snake:2  | Found Okhlyodo's Jewellery Emporium.
 23850 | Snake:2  | Found Copsef's Book Shop.
 23899 | Snake:2  | Bought the ring "Arghit" {rElec Str+6} for 550 gold pieces
 24002 | Snake:2  | Bought a ring of poison resistance for 220 gold pieces
 24545 | Snake:3  | Found a radiant altar of Vehumet.
 24605 | Snake:3  | Received a gift from Trog
 24918 | Snake:3  | Found Ebrautuv's Book Shoppe.
 25385 | Snake:3  | Noticed a nagaraja
 25401 | Snake:3  | Killed a nagaraja
 25669 | Snake:3  | Found Nenyammus's Armour Shop.
 25671 | Snake:3  | Found Renewn's Jewellery Shop.
 25671 | Snake:3  | Found Kezus's Jewellery Shop.
 25778 | Snake:3  | Found Ebbus's Weapon Shop.
 25789 | Snake:3  | Bought 3 curare-tipped darts for 54 gold pieces
 26461 | Snake:4  | Entered Level 4 of the Snake Pit
 26492 | Snake:4  | Noticed a nagaraja
 26515 | Snake:4  | Killed a nagaraja
 26606 | Snake:4  | Identified the +0 pair of gloves of the Reasonable Shishi
                  | {Int+3}
 26910 | Snake:4  | Identified the +8 dagger of Compassion {protect, Dex+2}
 27033 | Snake:4  | Identified the +1 hand axe of the Doomed Warrior {heavy,
                  | ^Contam rN++} (Trog gifted it to you on level 4 of the
                  | Snake Pit)
 27033 | Snake:4  | Received a gift from Trog
 27078 | Snake:4  | Found Ihorryd's Overcharged Wands.
 27350 | Snake:4  | Found Effum's General Store.
 27392 | Snake:4  | Gained mutation: A powerful demonic guardian rushes to your
                  | aid. [demonic ancestry]
 27392 | Snake:4  | Reached XP level 16. HP: 75/133 MP: 16/16
 29082 | Snake:4  | Got a serpentine rune of Zot
 30274 | Shoals:1 | Entered Level 1 of the Shoals
 30579 | Shoals:1 | Identified the +1 long sword of Ehic {freeze, Dex+3}
 30585 | Shoals:1 | Noticed a kraken
 30604 | Shoals:1 | Killed a kraken
 32061 | Shoals:2 | Received a gift from Trog
 33511 | Shoals:3 | Found Gtukuit's Goods Gallery.
 33526 | Shoals:3 | Noticed Polyphemus
 33543 | Shoals:3 | Killed Polyphemus
 33544 | Shoals:3 | Reached XP level 17. HP: 139/139 MP: 17/17
 33961 | Shoals:4 | Entered Level 4 of the Shoals
 34037 | Shoals:4 | Paralysed by an air elemental for 1 turns
 34214 | Shoals:4 | Received a gift from Trog
 34386 | Shoals:4 | Paralysed by an air elemental for 1 turns
 34390 | Shoals:4 | Paralysed by an air elemental for 1 turns
 35337 | Shoals:4 | Paralysed by an air elemental for 1 turns
 35341 | Shoals:4 | Paralysed by an air elemental for 1 turns
 35346 | Shoals:4 | Paralysed by an air elemental for 1 turns
 35369 | Shoals:4 | Reached skill level 15 in Fighting
 35712 | Shoals:4 | Noticed a titan
 35732 | Shoals:4 | Killed a titan
 35749 | Shoals:4 | Received a gift from Trog
 35765 | Shoals:4 | Got a barnacled rune of Zot
 36245 | D:12     | Noticed Snorg
 36263 | D:12     | Killed Snorg
 36345 | D:12     | Noticed Nergalle
 36357 | D:12     | Killed Nergalle
 37894 | D:14     | Reached skill level 5 in Dodging
 38260 | D:14     | Found a gate to the Vaults.
 38268 | D:14     | Received a gift from Trog
 38740 | D:15     | Entered Level 15 of the Dungeon
 38894 | D:15     | Found a staircase to the Depths.
 39582 | Snake:4  | Bought a wand of digging (11) for 693 gold pieces
 39786 | Vaults:1 | Entered Level 1 of the Vaults
 39797 | Vaults:1 | Gained mutation: Your magical and physical power is
                  | slightly enhanced at high health. [demonic ancestry]
 39797 | Vaults:1 | Reached XP level 18. HP: 132/151 MP: 18/18
 40146 | Vaults:1 | Noticed Zenata
 40706 | Vaults:1 | Received a gift from Trog
 41723 | Vaults:1 | Killed Zenata
 41858 | Vaults:1 | Found a transporter.
 41903 | Vaults:1 | Found a transporter.
 42813 | Snake:1  | Received a gift from Trog
 42911 | Snake:1  | Found a transporter.
 44385 | Vaults:2 | Identified the +0 shortbow "Dragonslayer" {heavy, rC++ rN+
                  | Int+3 SInv}
 44640 | Vaults:2 | Found a staircase to the Crypt.
 44695 | Vaults:2 | Noticed a tentacled monstrosity
 44714 | Vaults:2 | Killed a tentacled monstrosity
 45587 | Vaults:2 | Reached skill level 15 in Shields
 45587 | Vaults:2 | Reached XP level 19. HP: 123/161 MP: 19/19
 45722 | Vaults:2 | Reached skill level 15 in Armour
 45925 | Vaults:3 | Received a gift from Trog
 46009 | Vaults:3 | Identified the +8 long sword of Irksome Honour {freeze, rC-
                  | rN++ Dex+2}
 46176 | Vaults:3 | Noticed Sojobo
 46215 | Vaults:3 | Killed Sojobo
 47137 | Vaults:3 | Noticed Boris
 47189 | Vaults:3 | Killed Boris
 47742 | Vaults:3 | Received a gift from Trog
 47941 | Vaults:3 | Found Castraf's Antique Armour Shop.
 49323 | Vaults:4 | Noticed Saint Roka
 49353 | Vaults:4 | Killed Saint Roka
 49648 | Vaults:4 | Reached XP level 20. HP: 133/170 MP: 20/20
 50123 | Vaults:4 | Identified the +0 chain mail "Dakuufuidgh" {rN+ Str+6}
 50733 | Vaults:4 | Found Hohosos's Assorted Antiques.
 50780 | Vaults:4 | Received a gift from Trog
 50993 | Vaults:4 | Identified a scroll of acquirement
 50994 | Vaults:4 | Acquired an amulet of regeneration
 51247 | Elf:1    | Entered Level 1 of the Elven Halls
 51420 | Elf:1    | Found a radiant altar of Vehumet.
 52235 | Elf:2    | Found a runed translucent gate.
 52236 | Elf:2    | Found a runed translucent gate.
 52236 | Elf:2    | Found a runed translucent gate.
 52414 | Elf:2    | Received a gift from Trog
 53451 | Elf:3    | Entered Level 3 of the Elven Halls
 53451 | Elf:3    | Noticed Roxanne
 53454 | Elf:3    | Identified the +8 ring mail "Plog" {rF+}
 53466 | Elf:3    | Killed Roxanne
 53490 | Elf:3    | Noticed Nikola
 53508 | Elf:3    | Killed Nikola
 53553 | Elf:3    | Paralysed by an air elemental for 1 turns
 53590 | Elf:3    | Received a gift from Trog
 53915 | Elf:3    | Identified the ring "Neogist" {Fly EV+5}
 53978 | Elf:3    | Identified the amulet "Foq Pant" {Faith rN++ Int+6 Stlth-}
 54320 | Elf:3    | Reached XP level 21. HP: 162/177 MP: 21/21
 54343 | Elf:3    | Received a gift from Trog
 54446 | Elf:3    | Identified the +6 sling of the Mushroom {flame, Fly rC+++
                  | Int-2}
 54446 | Elf:3    | Identified the ring "Koluorch" {^Drain rCorr MP+9 Int+2}
 54454 | Elf:3    | Identified the +6 orcbow "Beastslayer" {heavy, Dex+3}
 54454 | Elf:3    | Identified the ring "Vunucul" {rPois Str+6 Dex+2 Slay-3}
 54707 | Elf:3    | Identified the +8 orcbow "Wikasel" {drain, ^Contam rPois
                  | rC+++ Int-3}
 55525 | Elf:3    | Noticed Louise
 55537 | Elf:3    | Killed Louise
 55730 | Elf:3    | Identified the +1 robe of Zin's Generosity {+Blink rC-
                  | Slay+5}
 55980 | Depths:1 | Entered Level 1 of the Depths
 56139 | Depths:1 | Noticed Asterion
 56159 | Depths:1 | Killed Asterion
 56435 | Depths:1 | Identified the ring "Lazxaeh" {rF++ Will+ Str-5}
 56965 | Depths:1 | Found a gateway to Hell.
 56995 | Depths:1 | Identified the +4 trident "Xick" {heavy, rPois rCorr Int-4
                  | Stlth+}
 57283 | Vaults:3 | Bought the +3 pair of mountain boots {steadfast, rC+} for
                  | 1340 gold pieces
 57283 | Vaults:3 | Found the +3 pair of mountain boots {steadfast, rC+}
 57644 | Depths:2 | Received a gift from Trog
 58565 | Depths:2 | Noticed a golden dragon
 58566 | Depths:2 | Found a runed translucent door.
 58573 | Depths:2 | Killed a golden dragon
 58819 | Depths:2 | Identified the +6 orcbow of World's End {freeze, Fly rPois
                  | Stlth-}
 59399 | Depths:2 | Found a one-way gate leading to the halls of Pandemonium.
 59470 | Depths:3 | Reached XP level 22. HP: 161/190 MP: 22/22
 59755 | Depths:3 | Found a one-way gate to the infinite horrors of the Abyss.
 59910 | Depths:3 | Identified the ring of Symmetry {Fire rPois rCorr Str+3}
 60046 | Depths:3 | Noticed a golden dragon
 60063 | Depths:3 | Received a gift from Trog
 60065 | Depths:3 | Killed a golden dragon
 60191 | Depths:3 | Identified the +12 tower shield of the Wereyak {rPois}
 60499 | Depths:3 | Found a broken altar of Ashenzari.
 60866 | Depths:1 | Identified the amulet of Wobbost {RegenMP rCorr Str-2
                  | Dex+7}
 61013 | Depths:4 | Entered Level 4 of the Depths
 61022 | Depths:4 | Found a one-way gateway to a ziggurat.
 61445 | Depths:4 | Reached skill level 10 in Dodging
 61680 | Depths:4 | Received a gift from Trog
 62063 | Depths:4 | Noticed Xtahua
 62072 | Depths:4 | Killed Xtahua
 62340 | Depths:4 | Noticed a golden dragon
 62349 | Depths:4 | Killed a golden dragon
 62513 | Depths:4 | Found a gate to the Realm of Zot.
 62719 | Depths:4 | Found a radiant altar of Vehumet.
 63037 | Depths:4 | Found a sparkling altar of Nemelex Xobeh.
 63071 | Depths:3 | Voluntarily entered the Abyss.
 63071 | Abyss:1  | Found a corrupted altar of Lugonu.
 63401 | Abyss:1  | Received a gift from Trog
 63592 | Abyss:2  | Gained mutation: You are weak. (Str -2) [a neqoxec]
 63703 | Abyss:2  | Found a corrupted altar of Lugonu.
 63706 | Abyss:2  | Found a corrupted altar of Lugonu.
 63706 | Abyss:2  | Found a corrupted altar of Lugonu.
 63812 | Abyss:3  | Found a corrupted altar of Lugonu.
 64206 | Abyss:3  | Gained mutation: You are mostly covered in molten scales.
                  | (AC +3) [demonic ancestry]
 64206 | Abyss:3  | Reached XP level 23. HP: 158/196 MP: 23/23
 64456 | Abyss:3  | Got an abyssal rune of Zot
 64508 | Depths:3 | Escaped the Abyss
 64742 | Vaults:5 | Entered Level 5 of the Vaults
 64750 | Vaults:4 | Received a gift from Trog
 65605 | Vaults:5 | Noticed a dread lich
 65613 | Vaults:5 | Killed a dread lich
 65782 | Vaults:5 | Got a silver rune of Zot
 65801 | Vaults:5 | Identified the ring of Kapnoi {Fly rElec rPois rCorr Dex+4}
 65855 | Vaults:5 | Noticed a dread lich
 65871 | Vaults:5 | Killed a dread lich
 65890 | Vaults:5 | Noticed a dread lich
 65904 | Vaults:5 | Killed a dread lich
 66012 | Vaults:5 | Found Ororak's General Store.
 66023 | Vaults:5 | Received a gift from Trog
 66398 | Vaults:5 | Identified the +2 plate armour of Peek-a-Boo {Harm Rampage
                  | rCorr Str-2}
 67372 | Vaults:5 | Received a gift from Trog
 67603 | Vaults:1 | Gained mutation: You are completely covered in sharp
                  | spines. [demonic ancestry]
 67603 | Vaults:1 | Reached XP level 24. HP: 175/204 MP: 23/23
 67731 | Vaults:1 | Identified the ring of Itaojius {Wiz *Slow rElec Dex+8}
 67751 | Vaults:1 | Identified the ring of Entar {rN++ rCorr}
 67984 | Zot:1    | Entered Level 1 of the Realm of Zot
 68094 | Zot:1    | Reached skill level 1 in Evocations
 69051 | Slime:1  | Entered Level 1 of the Pits of Slime
 69097 | Slime:1  | Paralysed by a formless jellyfish for 1 turns
 69157 | Slime:1  | Received a gift from Trog
 69383 | Slime:3  | Gained mutation: Your body sometimes deteriorates upon
                  | taking damage. [a shining eye]
 69500 | Slime:3  | Reached skill level 5 in Evocations
 69819 | Slime:5  | Entered Level 5 of the Pits of Slime
 69971 | Slime:5  | Gained mutation: You are vulnerable to heat. (rF-) [a
                  | shining eye]
 70016 | Slime:5  | Found the +10 zealot's sword {holy, Zealotry, *Rage rN+
                  | EV+3}
 70106 | Slime:5  | Gained mutation: Your magical capacity is low. (-10% MP) [a
                  | shining eye]
 70108 | Slime:5  | Gained mutation: Your health recovers twice as slowly from
                  | being drained. [a shining eye]
 70251 | Slime:5  | Found a viscous altar of Jiyva.
 70516 | Slime:5  | Noticed the Royal Jelly
 70541 | Slime:5  | Killed the Royal Jelly
 70874 | Slime:5  | Identified the amulet of Deph {RegenMP -Tele Rampage rCorr
                  | Slay+4}
 70945 | Slime:5  | Got a slimy rune of Zot
 70970 | Slime:5  | Identified the amulet of Xom's Whimsicality {Reflect Str+3
                  | SH+5}
 71519 | Zot:1    | Identified the +7 quick blade "Nipagged" {flame, *Noise rN+
                  | Will+ Stlth+} (Trog gifted it to you on level 1 of the
                  | Realm of Zot)
 71519 | Zot:1    | Received a gift from Trog
 72518 | Zot:2    | Gained mutation: Your magical and physical power is
                  | enhanced at high health. [demonic ancestry]
 72518 | Zot:2    | Reached XP level 25. HP: 139/210 MP: 20/20
 72524 | Zot:2    | Received a gift from Trog
 72906 | Zot:2    | Lost mutation: You are vulnerable to heat. (rF-) [potion of
                  | mutation]
 72906 | Zot:2    | Lost mutation: Your body sometimes deteriorates upon taking
                  | damage. [potion of mutation]
 72906 | Zot:2    | Lost mutation: Your spells are a little harder to cast, but
                  | a little more powerful. [potion of mutation]
 72906 | Zot:2    | Gained mutation: You passively dampen the noise of your
                  | surroundings. [potion of mutation]
 72906 | Zot:2    | Lost mutation: Your magical capacity is low. (-10% MP)
                  | [potion of mutation]
 72906 | Zot:2    | Gained mutation: You possess an exceptional clarity of
                  | mind. [potion of mutation]
 73187 | Zot:2    | Reached skill level 10 in Evocations
 74541 | Zot:3    | Received a gift from Trog
 75406 | Zot:4    | Noticed Vv
 75423 | Zot:4    | Killed Vv
 76134 | Zot:4    | Reached skill level 15 in Dodging
 77314 | Zot:4    | Noticed a Killer Klown
 77325 | Zot:4    | Killed a Killer Klown
 77798 | Zot:4    | Noticed an orb of fire
 77804 | Zot:4    | Gained mutation: You have hidden genetic defects. [an orb
                  | of fire]
 77813 | Zot:4    | Killed an orb of fire
 78042 | Zot:5    | Entered Level 5 of the Realm of Zot
 78115 | Zot:5    | Received a gift from Trog
 78120 | Zot:5    | Gained mutation: Your magical and physical power is greatly
                  | enhanced at high health. [demonic ancestry]
 78120 | Zot:5    | Reached XP level 26. HP: 109/218 MP: 23/23
 78992 | Zot:5    | Reached skill level 1 in Throwing
 79248 | Zot:5    | Noticed an ancient lich
 79251 | Zot:5    | Noticed an ancient lich
 79255 | Zot:5    | Killed an ancient lich
 79271 | Zot:5    | Gained mutation: You are clumsy. (Dex -2) [hidden defects]
 79273 | Zot:5    | Killed an ancient lich
 79497 | Zot:5    | Noticed a dread lich
 79514 | Zot:5    | Killed a dread lich
 79527 | Zot:5    | Noticed an orb of fire
 79528 | Zot:5    | Gained mutation: You occasionally lose the ability to read
                  | scrolls when taking damage. [an orb of fire]
 79530 | Zot:5    | Noticed an orb of fire
 79530 | Zot:5    | Gained mutation: Your body sometimes deteriorates upon
                  | taking damage. [an orb of fire]
 79533 | Zot:5    | Lost mutation: You have hidden genetic defects. [an orb of
                  | fire]
 79534 | Zot:5    | Noticed a dread lich
 79542 | Zot:5    | Killed an orb of fire
 79559 | Zot:5    | Killed an orb of fire
 79560 | Zot:5    | Reached skill level 5 in Throwing
 79563 | Zot:5    | Noticed an orb of fire
 79565 | Zot:5    | Killed a dread lich
 79578 | Zot:5    | Gained mutation: You are occasionally teleported next to
                  | monsters. [an orb of fire]
 79580 | Zot:5    | Killed an orb of fire
 79691 | Zot:5    | Noticed a dread lich
 79694 | Zot:5    | Noticed an orb of fire
 79708 | Zot:5    | Noticed an orb of fire
 79711 | Zot:5    | Gained mutation: Your body often deteriorates upon taking
                  | damage. [an orb of fire]
 79712 | Zot:5    | Killed an orb of fire
 79997 | Zot:5    | Gained mutation: You are frail. (-10% HP) [an orb of fire]
 80009 | Zot:5    | Killed an orb of fire
 80020 | Zot:5    | Lost mutation: You possess an exceptional clarity of mind.
                  | [potion of mutation]
 80020 | Zot:5    | Lost mutation: You passively dampen the noise of your
                  | surroundings. [potion of mutation]
 80020 | Zot:5    | Gained mutation: You have a pair of small antennae on your
                  | head. [potion of mutation]
 80020 | Zot:5    | Lost mutation: You are weak. (Str -2) [potion of mutation]
 80020 | Zot:5    | Gained mutation: Your muscles are strong. (Str +4, Int/Dex
                  | -1) [potion of mutation]
 80021 | Zot:5    | Lost mutation: Your muscles are strong. (Str +4, Int/Dex
                  | -1) [potion of mutation]
 80021 | Zot:5    | Lost mutation: You are occasionally teleported next to
                  | monsters. [potion of mutation]
 80021 | Zot:5    | Lost mutation: You are clumsy. (Dex -2) [potion of
                  | mutation]
 80021 | Zot:5    | Gained mutation: Armour fits poorly on your strangely
                  | shaped body. [potion of mutation]
 80021 | Zot:5    | Gained mutation: You are agile. (Dex +4, Str/Int -1)
                  | [potion of mutation]
 80022 | Zot:5    | Lost mutation: Your body often deteriorates upon taking
                  | damage. [potion of mutation]
 80022 | Zot:5    | Lost mutation: Armour fits poorly on your strangely shaped
                  | body. [potion of mutation]
 80022 | Zot:5    | Gained mutation: You are weak. (Str -2) [potion of
                  | mutation]
 80022 | Zot:5    | Gained mutation: You have hidden genetic potential. [potion
                  | of mutation]
 80022 | Zot:5    | Gained mutation: You are partially covered in large bone
                  | plates. (SH +4) [potion of mutation]
 80466 | Zot:5    | Killed a dread lich
 80691 | Zot:5    | Got the Orb of Zot
 80719 | Zot:4    | Noticed Tamohiq the pandemonium lord
 80747 | Zot:4    | Killed Tamohiq the pandemonium lord
 80842 | Zot:2    | Noticed Nerph the pandemonium lord
 80857 | Zot:2    | Killed Nerph the pandemonium lord
 80948 | Depths:3 | Noticed Doc Ikyest the pandemonium lord
 80960 | Depths:3 | Killed Doc Ikyest the pandemonium lord
 81272 | D:$      | Escaped with the Orb!

Illustrated notes

Levels and vault maps discovered:
D:1:      scummos_arrival_simple_fountains, layout_loops_ring
D:2:      layout_loops_ring, minivault_4, serial_bayou_pond_a, uniq_sigmund
D:3:      layout_loops_ring, mainiacjoe_overflow_cross_hatched,
          mainiacjoe_overflow_six_doors_small, trog_hazing_becter, serial_bayou,
          serial_bayou_pond_c, serial_bayou_lagoon_a, serial_bayou_pond_e,
          serial_bayou_shore_a, serial_bayou_pond_a, serial_bayou_crossing,
          gammafunk_ghost_grave, hellmonk_ecumenical_altar_leap_of_faith,
          kennysheep_minor_cross, st_stairs_2, minmay_misc_feat_more_columns,
          uniq_grinder
D:4:      layout_loops_corners, uniq_eustachio
D:5:      layout_loops_ring, lemuel_round_altar, marbit_many_paths,
          minmay_manual_maat, uniq_menkaure
D:6:      layout_loops_ring, nicolae_wu_jian_wuxing_cycle, temple_statues,
          hangedman_decor_push, uniq_duvessa, uniq_blork_the_orc
D:7:      layout_loops_ring, gammafunk_temple_overflow_elements, zin_statuary,
          serial_shops, nicolae_shop_advertising_works
          [nicolae_subvault_shop_adworks], gammafunk_ghost_nasty_kobolds,
          uniq_maggie
D:8:      layout_rooms, mainiacjoe_overflow_small_starburst,
          kennysheep_mini_moat, lightli_temple_of_fire,
          mainiacjoe_overflow_surrounded_room, roadster_capsule_ark_zombie
D:9:      layout_cave_pools, nicolae_hepliaklqana_hippocampus,
          mainiacjoe_overflow_brackets, uniq_jeremiah
D:10:     layout_rooms, cheibriados_altar_1, corexii_corridor_pit, uniq_erica
D:11:     layout_rooms, grunt_lair_entry_orc_guard_hut, orc_0_dummy,
          nrook_guardian_serpent_ordinary, uniq_erolcha
D:12:     layout_layer_cave, uniq_snorg, uniq_nergalle
D:13:     layout_roguey
D:14:     layout_rooms, grunt_vaults_entry_fortified, elyvilon_altar_3,
          minmay_misc_feat_plants, dk_noncrumbling_2
D:15:     grunt_enter_depths_snipers, layout_basic
Temple:   hellmonk_temple_micro_hex
Lair:1:   layout_long_grid, nicolae_volcano_entry_hallway,
          chequers_serial_rivers_micro_b, nzn_sisyphean_effort
Lair:2:   layout_cave_pods, nicolae_lair_lindhole, uniq_harold
Lair:3:   layout_chaotic_city, minmay_shoals_entry_centaurs,
          guppyfry_snake_entry_garden
Lair:4:   layout_big_grid, slime_entry_1, serial_bayou_shore_b
Lair:5:   grunt_lair_end_beastmaster, layout_gridlike
Shoals:1: layout_shoals, nicolae_shoals_kraken_intersection
Shoals:2: layout_shoals
Shoals:3: layout_shoals, nicolae_alphabet_shops, uniq_polyphemus
Shoals:4: shoals_end_hellmonk_storm_palace [storm_palace_center_circular,
          storm_palace_corner_grid, storm_palace_corner_narrow,
          storm_palace_corner_grid, storm_palace_corner_reverse_hut]
Snake:1:  gammafunk_sealed_library, layout_onion
Snake:2:  layout_gridlike, minmay_shop_grove
Snake:3:  layout_honeycomb, basic_altar, serial_shops, shop,
          minmay_shop_grid_forest, nicolae_snake_lava_pool
Snake:4:  snake_pit, layout_cave_town, serial_shops, shop,
          nicolae_shop_overcharged_wands
Slime:1:  layout_caves
Slime:2:  layout_caves, nicolae_slime_rock_hall_of_fame
Slime:3:  layout_caves, nicolae_slime_welcoming_committee
Slime:4:  layout_caves
Slime:5:  slime_pit_nicolae_jellycorners
Orc:1:    layout_caves, basic_altar, gammafunk_ghost_stat_death, serial_shops,
          nicolae_square_shop, nicolae_diamond_shop
Orc:2:    grunt_orc_community_town_hall, layout_caves,
          grunt_orc_community_big_house_1, grunt_orc_community_big_house_1,
          grunt_orc_community_house_1, grunt_orc_community_house_1,
          grunt_orc_community_house_2, grunt_orc_community_house_2,
          serial_shops, nicolae_shop_gibbet_a_chance, blackcustard_rock_pile
Elf:1:    minmay_elf_arrival_plus, layout_rooms, basic_altar, minivault_28
Elf:2:    nicolae_elf_blades_crystal_corner, layout_loops_corners, minivault_5
Elf:3:    nooodl_elf_gasket, layout_geoelf_diagonals, uniq_louise, uniq_roxanne,
          uniq_nikola
Vaults:1: nicolae_vaults_double_plus_1, gammafunk_dig_for_victory,
          ontoclasm_vaults_gateway, nicolae_vaults_specimen_jars,
          nicolae_vaults_puzzle_piece, nicolae_vaults_six-pack, v_misc_1,
          nicolae_vaults_rhombus_6, hangedman_vaults_slice,
          ontoclasm_vaults_loading_screen, nicolae_vaults_trapezoid_lopsided_1,
          ontoclasm_vaults_chip, layout_vaults_omnicross, uniq_zenata
Vaults:2: nicolae_vaults_bisected_inception, blue_anna_dwarven_crypt,
          nicolae_vaults_little_ls, hangedman_vaults_hard_town_square,
          nicolae_vaults_spaceships, v_pattern_5, vaults_room_corners,
          nicolae_vaults_shelves_hall, v_misc_5,
          nicolae_vaults_trapezoid_lopsided_3, nicolae_vaults_tetromino_L_2,
          layout_vaults_omnigrid
Vaults:3: v_misc_24, hangedman_vaults_nodes, vaults_room_pool,
          nicolae_vaults_tetromino_T_2, nicolae_vaults_double_plus_3,
          nicolae_vaults_layer_cake_slice,
          nicolae_vaults_windows_and_doors_thing, vaults_room_door_ring,
          nicolae_vaults_trapezoid_4, ontoclasm_vaults_twist,
          layout_vaults_chaotic_city, serial_shops, shop, uniq_boris,
          uniq_sojobo
Vaults:4: grunt_vaults_twisty, nicolae_vaults_wine_cellar, nicolae_vaults_theta,
          vaults_dpeg_encased_lava, ontoclasm_vaults_spin,
          nicolae_vaults_circle_grid_b, grunt_vaults_focal,
          ontoclasm_vaults_ligature, nicolae_vaults_hallways_thing,
          nicolae_vaults_oval_intersection, nicolae_vaults_trapezoid_3,
          nicolae_vaults_house_1, nicolae_vaults_double_plus_1,
          nicolae_vaults_tetromino_Z_1, layout_vaults_omnibox, serial_shops,
          nicolae_shop_overgrown_old_shop, uniq_saint_roka
Vaults:5
Depths:1: layout_cave_pools, hell_entry, eino_curves_01, horrible_house_mu,
          uniq_asterion
Depths:2: minmay_gate_of_8, layout_basic, grunt_mini_vestibule,
          chequers_serial_rivers_micro_d, grunt_pan_entry_zigzag,
          dk_noncrumbling_3, chequers_serial_rivers_micro_b,
          infiniplex_staircase_trident
Depths:3: minmay_the_grid_triangle_9x9_recursive_2
          [minmay_the_grid_triangle_9x9_prize_center,
          minmay_the_grid_triangle_9x9_minimal,
          minmay_the_grid_triangle_9x9_from_above,
          minmay_the_grid_triangle_9x9_skeleton], layout_twisted_cross,
          ashenzari_conservatory_becter, hangedman_coc_ice_floe, abyss_entry,
          amcnicky_mini_rare_corridor_liquid
Depths:4: grunt_zot_entry_funnels, layout_cave_pools, enter_ziggurat_e,
          nemelex_diamond_rough_becter, pf_hell_entry_tar_river,
          nicolae_vehumet_radiance, uniq_xtahua
Zot:1:    kennysheep_room_grid, layout_twisted_circle
Zot:2:    layout_concentric_octagons
Zot:3:    layout_misc_corridors, skrybe_zot_glass_2, st_small_dragon_hoard_1
Zot:4:    grunt_zot_stairs_mandelzot, layout_cathedral_of_symmetry, uniq_vv
Zot:5:    layout_onion, guppyfry_library_mini

Skill      XL: |  1  2  3  4  5  6  7  8  9 10 11 12 13 14 15 16 17 18 19 20 21 22 23 24 25 26 |
---------------+-------------------------------------------------------------------------------+-----
Axes           | 3 4 5 6 7 9 11 13 14 15 16 18 19 20 21 22 | 22.0
Fighting       | 7 10 11 14 16 17 18 20 21 | 21.8
Shields        | 3 6 8 9 10 11 13 14 15 17 18 19 20 | 20.0
Armour         | 5 7 9 10 11 13 14 15 17 18 20 22 | 22.6
Dodging        | 7 8 10 13 16 | 16.0
Evocations     | 9 14 | 14.0
Throwing       | 9 |  9.1

Action                     |  1- 3 |  4- 6 |  7- 9 | 10-12 | 13-15 | 16-18 | 19-21 | 22-24 | 25-27 || total
---------------------------+-------+-------+-------+-------+-------+-------+-------+-------+-------++-------
  Melee: Hand axe          |    90 |    61 |   252 |   423 |       |       |       |       |       ||   826
         Tailslap          |       |     2 |    34 |   109 |   185 |   297 |   303 |   438 |   256 ||  1624
         Punch             |       |     1 |     5 |       |       |       |       |       |       ||     6
         Broad axe         |       |       |       |   112 |   988 |  1472 |  1383 |  1694 |   916 ||  6565
  Throw: Dart              |       |     2 |     3 |     5 |       |       |       |       |       ||    10
 Invoke: Berserk           |     1 |     3 |     7 |    12 |    10 |    10 |    15 |     5 |     5 ||    68
         Trog's Hand       |       |       |       |     2 |     2 |     1 |     2 |     1 |       ||     8
         Brothers in Arms  |       |       |       |       |       |     5 |     4 |     2 |     6 ||    17
  Evoke: Wand              |       |       |       |       |     2 |       |     1 |     9 |       ||    12
    Use: Scroll            |       |       |     6 |    14 |    12 |     7 |     9 |    19 |     8 ||    75
         Potion            |       |       |       |       |     4 |     7 |       |     2 |    14 ||    27
   Stab: Sleeping          |     1 |       |       |       |       |       |       |       |       ||     1
         Petrified         |       |       |       |       |    10 |    13 |       |       |       ||    23
         Distracted        |       |       |       |       |     2 |     1 |     8 |     8 |     7 ||    26
         Petrifying        |       |       |       |       |     1 |     5 |       |       |       ||     6
 Armour: Animal skin       |     8 |       |       |       |       |       |       |       |       ||     8
         Ring mail         |    50 |    29 |       |   316 |   274 |       |       |       |       ||   669
         Scale mail        |       |       |   127 |     8 |       |       |       |       |       ||   135
         Acid dragon scale |       |       |       |     2 |       |       |       |       |       ||     2
         Plate armour      |       |       |       |       |   303 |   672 |   645 |   449 |       ||  2069
         Gold dragon scale |       |       |       |       |       |       |       |   227 |   503 ||   730
  Dodge: Dodged            |    48 |    25 |    81 |   176 |   334 |   330 |   277 |   230 |   143 ||  1644
  Block: Buckler           |       |       |       |    94 |   168 |       |       |       |       ||   262
         Kite shield       |       |       |       |       |    74 |   601 |   238 |       |       ||   913
         Tower shield      |       |       |       |       |       |       |   526 |  1944 |  1238 ||  3708
